 Dungeon Crawl Stone Soup version 0.31-a0-1068-g5939ac1fb6 (webtiles) character file.

Game seed: 8260946198841683187

87 Azuregosa the Covert (level 4, -2/31 HPs)
             Began as an Octopode Delver on Nov 25, 2023.
             Shot with an arrow by a centaur (10 damage)
             ... on level 5 of the Dungeon.
             The game lasted 00:01:21 (366 turns).

Azuregosa the Covert (Octopode Delver)               Turns: 366, Time: 00:01:21

Health: -2/31      AC: -3    Str: 11    XL:     4   Next: 51%
Magic:  5/5        EV: 13    Int: 14    God:
Gold:   12         SH:  0    Dex: 13    Spells: 1/4 levels left

rFire   . . .        a - +0 mace
rCold   . . .        (no shield)
rNeg    . . .        (helmet restricted)
rPois   .            (no amulet)
rElec   .            (no ring)
rCorr   .            (no ring)
SInv    .            (no ring)
Will    .....        (no ring)
Stlth   +++++        (no ring)
HPRegen 0.25/turn    (no ring)
MPRegen 0.09/turn    (no ring)
                     (no ring)

%: no passive effects
@: corroded
A: almost no armour, amphibious, 8 rings, camouflage 1, gelatinous body 1,
(nimble swimmer 1), tentacles
a: no special abilities


You were on level 5 of the Dungeon.
You visited 1 branch of the dungeon, and saw 1 of its levels.

You collected 12 gold pieces.

Inventory:

Hand Weapons
 a - a +0 mace (weapon)
Missiles
 g - 4 stones
Wands
 f - a wand of digging (3)
Scrolls
 b - a scroll of fog
 c - a scroll of revelation
 d - a scroll of fear
 h - a scroll of noise {unknown}
 i - a scroll of identify {unknown}
Potions
 e - a potion of haste
 j - a potion of degeneration {unknown}
 k - a potion of brilliance {unknown}


   Skills:
 - Level 3.0 Fighting
 - Level 2.0 Maces & Flails
 - Level 2.0 Dodging
 - Level 8.5 Stealth
 + Level 0.9 Spellcasting
 + Level 1.0 Hexes


You had one spell level left.
You knew the following spells:

 Your Spells              Type           Power      Damage    Failure   Level
a - Sigil of Binding      Hex            3%         N/A       45%         3

Your spell library contained the following spells:

 Spells                   Type           Power      Damage    Failure   Level
 Call Canine Familiar     Summ           0%         N/A       63%         3
 Dimensional Bullseye     Hex/Tloc       1%         N/A       91%         4
 Leda's Liquefaction      Hex/Erth       1%         N/A       91%         4


Dungeon Overview and Level Annotations

Branches:
Dungeon (5/15)
 Temple: D:4-7

Altars:
Fedhas
Zin


Innate Abilities, Weirdness & Mutations

You cannot wear most types of armour.
You are amphibious.
You can wear up to eight rings at the same time.
Your skin changes colour to match your surroundings (Stealth+).
Your rubbery body absorbs attacks. (AC +1, EV +1)
((You are camouflaged when in or above water. (Stealth+)))
You have tentacles for arms and can constrict up to eight enemies at once.


Message History

This spell is extremely dangerous to cast!
You start memorising the spell.
You continue memorising. x3
You finish memorising.
Spell assigned to 'a'.
You see here a hound corpse.
You see here a hound corpse.
You open the door.
Found a glowing silver altar of Zin.
A jelly comes into view.
The helpless jelly fails to defend itself.
You sock the jelly!
Your tentacles burn!
The jelly is severely wounded.
The jelly jiggles.
The jelly barely misses you.
The jelly jiggles.
The jelly closely misses you.
You sock the jelly!
You kill the jelly!
Your Hexes skill increases to level 1!
Magic restored.
k - an emerald potion A centaur comes into view.
It is wielding a +0 rapier.
A jelly comes into view.
Found a blossoming altar of Fedhas.
Found 15 gold pieces.
The helpless jelly fails to defend itself.
You sock the jelly!
Your tentacles burn!
The jelly is heavily wounded.
The jelly closely misses you.
The centaur shouts!
You hit the jelly. The acid corrodes you!
Your tentacles burn!
The jelly is almost dead.
You hear an angry hiss.
The jelly hits you. The acid corrodes you!
You are splashed with acid!
The jelly hits you.
You are splashed with acid!
* * * LOW HITPOINT WARNING * * *
You hit the jelly.
You kill the jelly!
The centaur unwields a +0 rapier.
The centaur wields a +0 shortbow.
The centaur shoots an arrow.
The arrow hits you!
You die...

#....# ##.....#.#
##......#.#
#.........#
##.........#
##.........$#
#...........#
#...........#
######....@.....#
#.#.............#
#.#.####^####c.##
#.#.# ..... .#
#...#....... #
###.#.......#..#
#.#..._...^..#
#.#.... ..#..#
#.# #..##


You could see a centaur.

Vanquished Creatures
  2 jellies (D:5)
  2 hounds (D:5)
4 creatures vanquished.

Notes
Turn   | Place    | Note
-------+----------+-------------------------------------------
     0 | D:5      | Azuregosa the Octopode Delver began the quest for the Orb.
     0 | D:5      | Reached XP level 1. HP: 16/16 MP: 1/1
   111 | D:5      | Noticed a hound
   116 | D:5      | Killed a hound
   117 | D:5      | Reached skill level 7 in Stealth
   117 | D:5      | Reached XP level 2. HP: 12/21 MP: 2/2
   117 | D:5      | Reached XP level 3. HP: 16/26 MP: 3/3
   211 | D:5      | Reached skill level 8 in Stealth
   211 | D:5      | Reached XP level 4. HP: 27/31 MP: 4/4
   215 | D:5      | Learned a level 3 spell: Sigil of Binding
   293 | D:5      | Found a glowing silver altar of Zin.
   304 | D:5      | Reached skill level 1 in Hexes
   353 | D:5      | Noticed a centaur
   360 | D:5      | Found a blossoming altar of Fedhas.
   366 | D:5      | Shot with an arrow by a centaur

Illustrated notes

Levels and vault maps discovered:
D:5:      layout_cave_pods, zin_statuary, lemuel_tele_altar, lemuel_round_altar,
          uniq_crazy_yiuf_cottage

Skill      XL: |  1  2  3  4 |
---------------+-------------+-----
Stealth        | 7 8 |  8.5
Hexes          | 1 |  1.0
Fighting       | |  3.0
Maces & Flails | |  2.0
Dodging        | |  2.0
Spellcasting   | |  0.9

Action                     |  1- 3 |  4- 6 || total
---------------------------+-------+-------++-------
  Melee: Mace              |     6 |     5 ||    11
         Constrict         |     2 |       ||     2
         Tentacles         |     1 |       ||     1
   Stab: Sleeping          |       |     2 ||     2
 Armour: Skin              |     5 |     3 ||     8
  Dodge: Dodged            |     3 |     3 ||     6

Table legend: (Time is in decaauts)
 A = Elapsed time spent in this place.
 B = Non-inter-level travel time spent in this place.
 C = Inter-level travel time spent in this place.
 D = Time resting spent in this place.
 E = Time spent auto-exploring this place.
 F = Levels seen in this place.
 G = Mean time per level.
                   A        B        C        D        E       F      G
               +--------+--------+--------+--------+--------+-----+--------+
         Total |    369 |    369 |      0 |     42 |    271 |   1 |  369.0 |
       Dungeon |    369 |    369 |      0 |     42 |    271 |   1 |  369.0 |
               +--------+--------+--------+--------+--------+-----+--------+

Top non-repeatable levels by time:
     D:5: 369 daAuts
